 Seeded DCSS version 0.30-a0-737-gf23d94013f (webtiles) character file.

Game seed: 3165148987097070420 (custom seed)

69 drewk1942 the Grasshopper (level 4, -5/34 HPs)
             Began as a Gnoll Wanderer on Feb 2, 2023.
             Slain by a gnoll
             ... wielding a +0 halberd
              (15 damage)
             ... on level 3 of the Dungeon.
             The game lasted 00:02:58 (2112 turns).

drewk1942 the Grasshopper (Gnoll Wanderer)          Turns: 2112, Time: 00:02:58

Health: -5/34      AC:  3    Str: 14    XL:     4   Next: 20%
Magic:  8/8        EV: 12    Int: 12    God:
Gold:   92         SH:  0    Dex: 10    Spells: 9/9 levels left

rFire   . . .      SeeInvis .    f - +0 dagger
rCold   . . .      Faith    .    (no shield)
rNeg    . . .      Spirit   .    e - +0 leather armour
rPois   .          Reflect  .    (no helmet)
rElec   .          Harm     .    (no cloak)
rCorr   .          Rampage  .    (no gloves)
Will    .....                    (no boots)
Stlth   +                        (no amulet)
HPRegen 0.25/turn                (no ring)
MPRegen 0.11/turn                (no ring)

@: no status effects
A: fangs 1, strong nose, distributed training
a: no special abilities


You were on level 3 of the Dungeon.
You visited 1 branch of the dungeon, and saw 3 of its levels.

You collected 92 gold pieces.

Inventory:

Hand Weapons
 a - a +0 club
 f - a +0 dagger (weapon)
Missiles
 h - 5 atropa-tipped darts (quivered)
 l - 9 poisoned darts
Armour
 e - a +0 leather armour (worn)
Scrolls
 c - a scroll of silence
 g - a scroll of fog {unknown}
 j - a scroll of magic mapping {unknown}
 k - 4 scrolls of identify {unknown}
Potions
 d - a potion of curing {unknown}
 i - a potion of haste {unknown}
 m - a potion of cancellation {unknown}
 n - 2 potions of invisibility {unknown}
 o - a potion of lignification {unknown}


   Skills:
 + Level 2.7 Fighting
 + Level 1.1 Short Blades
 + Level 1.1 Long Blades
 + Level 1.1 Axes
 + Level 1.1 Maces & Flails
 + Level 1.1 Polearms
 + Level 1.1 Staves
 + Level 1.1 Ranged Weapons
 + Level 1.1 Throwing
 + Level 4.6 Armour
 + Level 4.6 Dodging
 + Level 1.1 Stealth
 + Level 1.1 Shields
 + Level 1.1 Unarmed Combat
 + Level 3.0 Spellcasting
 + Level 0.8 Conjurations
 + Level 0.8 Hexes
 + Level 0.8 Summonings
 + Level 0.8 Necromancy
 + Level 7.1 Translocations
 + Level 0.8 Transmutations
 + Level 0.8 Fire Magic
 + Level 0.8 Ice Magic
 + Level 0.8 Air Magic
 + Level 0.8 Earth Magic
 + Level 0.8 Poison Magic
 + Level 1.2 Invocations
 + Level 1.1 Evocations


You had 9 spell levels left.
You didn't know any spells.
Your spell library contained the following spells:

 Spells                   Type           Power      Damage    Failure   Level
 Blink                    Tloc           36%        N/A       2%          2
 Lesser Beckoning         Tloc           36%        N/A       2%          2
 Vhi's Electric Charge    Tloc/Air       22%        N/A       17%         3
 Static Discharge         Conj/Air       6%         2-3/arc   32%         2
 Arcjolt                  Conj/Air       1%         1d11      99%         5
 Lightning Bolt           Conj/Air       1%         1d12      99%         5


Dungeon Overview and Level Annotations

Branches:
Dungeon (3/15)

Altars:


Innate Abilities, Weirdness & Mutations

You have very sharp teeth.
Your uncanny sense of smell can sniff out nearby items.
Your experience applies equally to all skills.


Message History

Where to? (Enter - D:2, ? - help)
There is a stone staircase leading down here.
You climb downwards.
The gnoll shouts! x4
Found a spear and a metallic clear potion.
There is a stone staircase leading up here.
There are monsters nearby!
You throw a throwing net. The throwing net hits the gnoll.
The gnoll is caught in the net!
The gnoll struggles against the net.
The gnoll struggles against the net.
An orc comes into view. It is wielding a +0 whip.
The gnoll struggles against the net.
The gnoll barely misses you.
The orc moves out of view.
You hit the gnoll. You bite the gnoll, but do no damage.
The gnoll is lightly wounded.
You closely miss the gnoll. You punch the gnoll. Your bite misses the gnoll.
The gnoll is moderately wounded.
The gnoll struggles against the net.
The gnoll hits you with a +2 vampiric spear.
You closely miss the gnoll.
The gnoll is moderately wounded.
The gnoll hits you with a +0 whip.
The gnoll struggles against the net.
The gnoll barely misses you.
You hit the gnoll but do no damage. You bite the gnoll.
The gnoll is moderately wounded.
An orc comes into view. It is wielding a +0 flail.
The gnoll hits you with a +0 whip.
The gnoll struggles against the net.
The net rips apart, and the gnoll comes free!
You barely miss the gnoll.
The orc shouts!
Your bite misses the gnoll.
The gnoll is moderately wounded.
The gnoll closely misses you. The gnoll hits you with a +0 halberd.
The gnoll barely misses you.
You barely miss the gnoll.
The gnoll is moderately wounded.
The gnoll hits you with a +0 flail. The gnoll hits you with a +0 whip.
* * * LOW HITPOINT WARNING * * *
The gnoll hits you with a +0 halberd!
You die...

∆ ∆ #
#.###########.
####..gg.<.......
..o...g@...###.#.
####..g###.# #.!.
.# #... .. #...
.## ##.# .# #. .#
#. ∆


You could see 4 gnolls and an orc.

Vanquished Creatures
  2 adders (D:2)
  A worm (D:2)
  A dart slug (D:2)
  3 bats
  An endoplasm (D:1)
  2 giant cockroaches (D:1)
  5 hobgoblins (D:1)
  4 kobolds
  4 quokkas
  4 ball pythons (D:2)
  3 frilled lizards
  7 goblins
  7 rats
44 creatures vanquished.

Vanquished Creatures (others)
  5 fungi (D:1)
  4 plants (D:1)
9 creatures vanquished.

Grand Total: 53 creatures vanquished

Notes
Turn   | Place    | Note
-------+----------+-------------------------------------------
     0 | D:1      | drewk1942 the Gnoll Wanderer began the quest for the Orb.
     0 | D:1      | drewk1942 set off with the following items: a +0 club, 4
                  | throwing nets, a scroll of silence, a potion of heal
                  | wounds, a +0 leather armour; and the following spells
                  | available to memorise: Blink, Lesser Beckoning.
     0 | D:1      | Reached XP level 1. HP: 17/17 MP: 4/4
   299 | D:1      | Reached XP level 2. HP: 22/23 MP: 5/5
   519 | D:1      | Found a faded altar of an unknown god.
   833 | D:1      | Reached XP level 3. HP: 24/28 MP: 7/7
  1198 | D:2      | Reached skill level 1 in Invocations
  1482 | D:2      | Reached skill level 1 in Short Blades
  1482 | D:2      | Reached skill level 1 in Long Blades
  1482 | D:2      | Reached skill level 1 in Axes
  1482 | D:2      | Reached skill level 1 in Maces & Flails
  1482 | D:2      | Reached skill level 1 in Polearms
  1482 | D:2      | Reached skill level 1 in Staves
  1482 | D:2      | Reached skill level 1 in Ranged Weapons
  1482 | D:2      | Reached skill level 1 in Throwing
  1482 | D:2      | Reached skill level 1 in Stealth
  1482 | D:2      | Reached skill level 1 in Shields
  1482 | D:2      | Reached skill level 1 in Unarmed Combat
  1482 | D:2      | Reached skill level 1 in Evocations
  1539 | D:2      | HP: 1/28 [adder (3)]
  1633 | D:2      | Reached XP level 4. HP: 34/34 MP: 8/8
  2112 | D:3      | Slain by a gnoll

Illustrated notes

Levels and vault maps discovered:
D:1:      onia_arrival_pentagram, layout_loops_ring,
          shapermc_ecumenical_altar_mp_urbaneastern
D:2:      layout_basic
D:3:      layout_loops_ring, hangedman_decor_opposing,
          pf_guarded_unrand_woodcutter

Skill      XL: |  1  2  3  4 |
---------------+-------------+-----
Invocations    | 1 |  1.2
Short Blades   | 1 |  1.1
Long Blades    | 1 |  1.1
Axes           | 1 |  1.1
Maces & Flails | 1 |  1.1
Polearms       | 1 |  1.1
Staves         | 1 |  1.1
Ranged Weapons | 1 |  1.1
Throwing       | 1 |  1.1
Stealth        | 1 |  1.1
Shields        | 1 |  1.1
Unarmed Combat | 1 |  1.1
Evocations     | 1 |  1.1
Spellcasting   | 3 |  3.0
Fighting       | |  2.7
Armour         | |  4.6
Dodging        | |  4.6
Conjurations   | |  0.8
Hexes          | |  0.8
Summonings     | |  0.8
Necromancy     | |  0.8
Translocations | |  7.1
Transmutations | |  0.8
Fire Magic     | |  0.8
Ice Magic      | |  0.8
Air Magic      | |  0.8
Earth Magic    | |  0.8
Poison Magic   | |  0.8

Action                     |  1- 3 |  4- 6 || total
---------------------------+-------+-------++-------
  Melee: Club              |    42 |       ||    42
         Dagger            |   186 |    37 ||   223
         Bite              |    17 |     8 ||    25
         Punch             |     2 |     2 ||     4
  Throw: Throwing net      |     4 |     1 ||     5
    Use: Scroll            |     1 |       ||     1
         Potion            |     1 |       ||     1
   Stab: Sleeping          |     1 |       ||     1
 Armour: Leather armour    |    63 |     9 ||    72
  Dodge: Dodged            |   189 |    13 ||   202

Table legend: (Time is in decaauts)
 A = Elapsed time spent in this place.
 B = Non-inter-level travel time spent in this place.
 C = Inter-level travel time spent in this place.
 D = Time resting spent in this place.
 E = Time spent auto-exploring this place.
 F = Levels seen in this place.
 G = Mean time per level.
                   A        B        C        D        E       F      G
               +--------+--------+--------+--------+--------+-----+--------+
         Total |   2116 |   1989 |    127 |    133 |   1373 |   3 |  705.3 |
       Dungeon |   2116 |   1989 |    127 |    133 |   1373 |   3 |  705.3 |
               +--------+--------+--------+--------+--------+-----+--------+

Top non-repeatable levels by time:
     D:1: 1284 daAuts
     D:2: 823 daAuts
     D:3: 8 daAuts
